 Dungeon Crawl Stone Soup version 0.23.2-40-g277498a001 (webtiles) character file.

Game seed: 9119210536339095386

34 Descartes the Skirmisher (level 3, -5/30 HPs)
             Began as a Formicid Abyssal Knight on Sept 23, 2019.
             Was a Follower of Lugonu.
             Slain by an iguana (8 damage)
             ... on level 2 of the Dungeon.
             The game lasted 00:05:41 (1326 turns).

Descartes the Skirmisher (Formicid Abyssal Knight)  Turns: 1326, Time: 00:05:41

Health: -5/30      AC:  3    Str: 16    XL:     3   Next: 50%
Magic:  4/4        EV: 11    Int: 11    God:    Lugonu [*.....]
Gold:   75         SH:  0    Dex: 11    Spells: 2/2 levels left

rFire    . . .     SeeInvis +   b - +1 hand axe
rCold    . . .     Gourm    .   (no shield)
rNeg     . . .     Faith    .   g - +0 leather armour
rPois    .         Spirit   .   (helmet unavailable)
rElec    .         Reflect  .   (no cloak)
rCorr    .         Harm     .   (no gloves)
MR       .....                  (no boots)
Stlth    +.........             (no amulet)
HPRegen  0.10/turn              (no ring)
MPRegen  0.09/turn              (no ring)

@: no status effects
A: permanent stasis, dig shafts and tunnels, four strong arms, antennae 3
a: Dig, Shaft Self, Depart the Abyss, Renounce Religion


You were on level 2 of the Dungeon.
You worshipped Lugonu.
Lugonu was aware of your devotion.
You were not hungry.

You visited 1 branch of the dungeon, and saw 2 of its levels.
You visited the Abyss 1 time.

You collected 75 gold pieces.

Inventory:

Hand Weapons
 a - a +0 hunting sling of flaming
 b - a +1 hand axe (weapon)
Missiles
 e - 55 stones (quivered)
 k - 54 bolts
 p - 20 poisoned needles
Armour
 g - a +0 leather armour (worn)
Scrolls
 f - a scroll of random uselessness {unknown}
 m - a scroll of enchant weapon {unknown}
 n - 2 scrolls of teleportation {unknown}
 o - a scroll of remove curse {unknown}
Potions
 d - 2 potions of curing {unknown}
 h - a potion of haste {unknown}
 j - 2 potions of resistance {unknown}
 l - a potion of magic {unknown}
Comestibles
 c - 2 rations
 i - 7 chunks of flesh


   Skills:
 + Level 3.7 Fighting
 + Level 2.4 Axes
 + Level 2.5 Armour
 + Level 1.1 Dodging
 + Level 0.9 Stealth
 + Level 2.6 Invocations


You had 2 spell levels left.
You didn't know any spells.
Your spell library was empty.

Dungeon Overview and Level Annotations

Branches:
Dungeon (2/15)

Altars:


Innate Abilities, Weirdness & Mutations

You cannot be hasted, slowed, berserked, paralysed or teleported.
You can dig through walls and to a lower floor.
Your four strong arms can wield two-handed weapons with a shield.
You have a pair of large antennae on your head. (SInv)


Message History

The iguana is lightly wounded.
You hit the leopard gecko. The iguana barely misses you.
The leopard gecko barely misses you.
You hit the iguana.
The iguana is heavily wounded.
You hit the leopard gecko.
You kill the leopard gecko!
Lugonu accepts your kill.
You can now depart the Abyss.
The iguana bites you!
* * * LOW HITPOINT WARNING * * *
You hit the iguana.
The iguana is heavily wounded.
The iguana bites you.
* * * LOW HITPOINT WARNING * * *
You hit the iguana but do no damage.
The iguana is heavily wounded.
The iguana bites you.
* * * LOW HITPOINT WARNING * * *
The iguana bites you!
You die...

## # (. .#
#.####..##
#.(..#....
#(......##
........#
###l......#
#..@......#
...$..#########
..... .... ...
.. .


You could see an iguana.

Vanquished Creatures
  An ooze (D:1)
  2 dart slugs (D:1)
  3 leopard geckos
  A ball python (D:1)
  3 bats (D:1)
  2 giant cockroaches (D:1)
  A goblin (D:1)
  3 hobgoblins (D:1)
  3 kobolds (D:1)
  A rat (D:1)
20 creatures vanquished.

Notes
Turn   | Place    | Note
-------+----------+-------------------------------------------
     0 | Abyss:1  | Descartes the Formicid Abyssal Knight began the quest for
                  | the Orb.
     0 | Abyss:1  | Reached XP level 1. HP: 18/18 MP: 2/2
   117 | Abyss:1  | Noticed an ancient zyme
   148 | Abyss:1  | Noticed a bone dragon
   150 | D:1      | Escaped the Abyss
   183 | D:1      | Reached XP level 2. HP: 16/24 MP: 3/3
   883 | D:1      | Reached skill level 1 in Dodging
  1008 | D:1      | Reached XP level 3. HP: 22/30 MP: 4/4
  1324 | D:2      | Reached * piety under Lugonu
  1326 | D:2      | Slain by an iguana

Skill      XL: |  1  2 |
---------------+-------+-----
Dodging        | 1 |  1.1
Fighting       | |  3.7
Axes           | |  2.4
Armour         | |  2.5
Stealth        | |  0.9
Invocations    | |  2.6

Action                   || total
-------------------------++-------
Melee: Hand axe          ||    64
 Fire: Hunting sling     ||    20
Invok: Depart the Abyss  ||     1
 Abil: Dig               ||     2
  Eat: Chunk             ||     1
Armor: Leather armour    ||    30
Dodge: Dodged            ||    52
